AoeStats
← Booming I Promise

Golden Pit

507652975Analyzed
1v1 RM · 12d ago on Sep 19, 2026· 58m 3s· 2 players
Game mode
Random Map
Map size
Tiny (2 player)
Population
200
Speed
Normal
Resources
Standard
Victory
Conquest
Starting age
Dark Age
Ending age
Imperial Age
RankedLock teamsTeams togetherTeam positionsShared explorationLock speedFull tech treeHidden civsTurbo modeCheats
Victory
Defeat
🇺🇸 Magyars · United States
802
+18
🇨🇳 Turks · China
844
-18
Booming I Promise
10:30 Feudal Age
11:46 Double-Bit Axe
11:58 Loom
16:04 Horse Collar
18:39 Loom
23:01 Castle Age
21:30 Fletching
21:39 Gold Mining
22:14 Padded Archer Armor
23:51 Bodkin Arrow
24:45 Heavy Plow
24:58 Bow Saw
24:16 Crossbowman
25:03 Thumb Ring
27:39 Wheelbarrow
31:45 Hand Cart
33:19 Leather Archer Armor
38:01 Imperial Age
36:24 Ballistics
39:14 Arbalester
39:57 Bracer
40:28 Ring Archer Armor
42:33 Gold Shaft Mining
45:22 Conscription
49:42 Corvinian Army
50:51 Pikeman
52:12 Halberdier
你年迈的父亲
0:38 Loom
2:31 Loom
13:15 Feudal Age
14:15 Horse Collar
15:12 Wheelbarrow
14:25 Double-Bit Axe
20:14 Castle Age
18:26 Padded Archer Armor
18:32 Scale Barding Armor
18:56 Forging
21:30 Heavy Plow
22:11 Gold Mining
27:54 Bow Saw
30:12 Gold Shaft Mining
30:50 Hand Cart
31:17 Bloodlines
31:26 Husbandry
33:21 Stone Mining
37:44 Imperial Age
35:29 Scale Barding Armor
35:40 Town Watch
36:20 Leather Archer Armor
37:23 Chain Barding Armor
39:23 Fletching
40:30 Bodkin Arrow
40:25 Heavy Camel Rider
41:53 Plate Barding Armor
42:32 Conscription
44:39 Iron Casting
49:19 Blast Furnace
48:20 Bracer
50:31 Treadmill Crane
50:56 Murder Holes
Connection lost

Rejoining the realm…

Still unreachable

The connection could not be restored.

Session expired

The server has moved on; the page needs a fresh start.